 Dungeon Crawl Stone Soup version 0.30-a0-222-ge547ba4400 (webtiles) character file.

Game seed: 15010113379896643486

74 qw the Chopper (level 4, -3/28 HPs)
             Began as a Gargoyle Fighter on Oct 8, 2022.
             Killed from afar by Grinder (4 damage)
             ... with a puff of flame
             ... while paralysed by Grinder
             ... on level 3 of the Dungeon.
             The game lasted 00:00:35 (1579 turns).

qw the Chopper (Gargoyle Fighter)                   Turns: 1579, Time: 00:00:36

Health: -3/28      AC: 12    Str: 22    XL:     4   Next: 28%
Magic:  4/4        EV:  2    Int:  8    God:
Gold:   105        SH:  0    Dex:  9    Spells: 3/3 levels left

rFire   . . .      SeeInvis .    Y - +1 war axe
rCold   . . .      Faith    .    c - +0 buckler
rNeg    + . .      Spirit   .    b - +0 scale mail
rPois   inf        Reflect  .    (no helmet)
rElec   +          Harm     .    (no cloak)
rCorr   .          Rampage  .    l - +1 pair of gloves
Will    .....                    (no boots)
Stlth   ..........               (no amulet)
HPRegen 0.24/turn                (no ring)
MPRegen 0.09/turn                (no ring)

@: paralysed
A: sickness immunity, AC +3, negative energy resistance 1, electricity
resistance, torment resistance 1, petrification resistance
a: no special abilities


You were on level 3 of the Dungeon.
You visited 1 branch of the dungeon, and saw 3 of its levels.

You collected 105 gold pieces.


Innate Abilities, Weirdness & Mutations

You are immune to sickness and miasma.
Your stone body is resilient. (AC +3)
You are immune to poison.
You resist negative energy. (rN+)
You are resistant to electric shocks. (rElec)
You are resistant to unholy torment.
You are immune to petrification.


   Skills:
 - Level 3.2 Fighting
 + Level 4.0 Axes
 - Level 3.2 Armour
 - Level 3.2 Shields


You had 3 spell levels left.
You didn't know any spells.
Your spell library was empty.

Inventory:

Hand Weapons
 m - a +0 mace of draining
 Y - a +1 war axe (weapon)
Missiles
 k - 5 boomerangs (quivered)
Armour
 b - a +0 scale mail (worn)
 c - a +0 buckler (worn)
 j - a +0 chain mail
 l - a +1 pair of gloves (worn)
Scrolls
 a - a scroll of fear {unknown}
 g - 3 scrolls of identify
Potions
 d - a potion of might
 e - a potion of attraction {unknown}
 f - a potion of heal wounds
 i - a potion of curing

Dungeon Overview and Level Annotations

Branches:
Dungeon (3/15)

Altars:
Ru
Uskayaw
Yredelemnul

Annotations:
D:3 Grinder


Message History

You barely miss the hobgoblin. The hobgoblin hits you.
You barely miss the hobgoblin.
The hobgoblin hits you but does no damage.
You slash the hobgoblin!
You kill the hobgoblin!
Grinder blinks!
Grinder zaps a wand.
The puff of flame hits you.
1565 ||| Stepping ~*~*~tactically~*~*~ (hiding).
You start resting.
Grinder is nearby!
Grinder gestures at you.
You suddenly lose the ability to move!
Grinder hits you but does no damage. x2
Grinder barely misses you.
You can move again.
You slash Grinder!
Grinder is heavily wounded.
Grinder zaps a wand.
The puff of flame misses you.
You slash Grinder!
Grinder is almost dead.
Grinder gestures at you. You resist with significant effort.
You closely miss Grinder.
Grinder is almost dead.
Grinder gestures at you. Pain shoots through your body!
Grinder barely misses you.
You barely miss Grinder.
Grinder is almost dead.
Grinder says, "Wait up."
Grinder zaps a wand.
The puff of flame hits you.
You barely miss Grinder.
Grinder is almost dead.
Grinder gestures at you.
You suddenly lose the ability to move!
Grinder gestures at you. Pain shoots through your body! Grinder hits you!
You writhe in agony.
Grinder zaps a wand.
The puff of flame hits you.
Grinder zaps a wand.
The puff of flame hits you.
You die...

.#. #.####..###.#. ###
####......)... ...
#.#..###.#. #.#
#.#........ #.#
#.#......## +.+
#.#...>.##...
#.#+##.####.#..##.##.##
#....5......#..##.##.##
#@####.#..##......
#.#..#.#..##.##.## #.#
+.'..#.#........#
#.####.##'#.#........#
#...........#.......##
#.####.##'#.#..##.#####
#.# #.#..#.#..##......
#.# +.+.:#.#..########
#.#+##.####.#..#


You could see Grinder.

Vanquished Creatures
  4 adders
  3 endoplasms
  A giant cockroach (D:2)
  5 goblins
  2 hobgoblins
  2 jackals (D:2)
  3 kobolds
  A quokka (D:2)
  7 ball pythons
  3 bats
  3 frilled lizards
  3 rats (D:1)
37 creatures vanquished.

Notes
Turn   | Place    | Note
-------+----------+-------------------------------------------
     0 | D:1      | qw the Gargoyle Fighter began the quest for the Orb.
     0 | D:1      | Reached XP level 1. HP: 14/14 MP: 1/1
     0 | D:1      | 0 ||| qw: Version: 0.2-a-17-g06abaee
     0 | D:1      | 0 ||| qw: Game counter: 2031
     0 | D:1      | 0 ||| qw: Always use a shield: true
     0 | D:1      | 0 ||| qw: God list: Okawaru
     0 | D:1      | 0 ||| qw: Allow faded altars: false
     0 | D:1      | 0 ||| qw: Do Orc after D:15 true
     0 | D:1      | 0 ||| qw: Do second Lair branch before Depths: true
     0 | D:1      | 0 ||| qw: Lair rune preference: random
     0 | D:1      | 0 ||| qw: Plans: Normal, Zot:1-4, God:TSO, Crypt, Tomb,
                  | Pan, Slime:5, Hells, Abyss, Orb
     0 | D:1      | 0 ||| PLANNING D:1-11
    61 | D:1      | Reached skill level 2 in Axes
   192 | D:1      | Found a faded altar of an unknown god.
   305 | D:1      | Reached XP level 2. HP: 17/19 MP: 2/2
   626 | D:1      | 626 ||| READING scroll labelled KYCZESH WOBIYHUOSA.
   627 | D:1      | 627 ||| READING scroll labelled HAICSE AJIH.
   628 | D:1      | 628 ||| READING 2 scrolls labelled MUINWO GUSCHIM.
   629 | D:1      | 629 ||| READING scroll labelled TYOREY COATEAR.
   700 | D:2      | Reached skill level 3 in Axes
   716 | D:2      | 716 ||| Stepping ~*~*~tactically~*~*~ (stealth).
   717 | D:2      | 717 ||| Stepping ~*~*~tactically~*~*~ (stealth).
   745 | D:2      | Reached XP level 3. HP: 23/23 MP: 3/3
   818 | D:2      | Found a basalt altar of Yredelemnul.
   872 | D:2      | 872 ||| Stepping ~*~*~tactically~*~*~ (stealth).
  1149 | D:2      | 1149 ||| UPGRADING to +1 pair of gloves.
  1154 | D:2      | 1154 ||| READING scroll labelled JILITE BU DANG.
  1155 | D:2      | 1155 ||| READING scroll labelled TUOMIC GEUSY.
  1156 | D:2      | 1156 ||| DRINKING 2 green potions.
  1157 | D:2      | 1157 ||| READING 4 scrolls of identify.
  1157 | D:2      | 1157 ||| IDENTIFYING viscous grey potion
  1158 | D:2      | 1158 ||| READING 3 scrolls of identify.
  1158 | D:2      | 1158 ||| IDENTIFYING clear potion
  1159 | D:2      | 1159 ||| DROPPING potion of degeneration.
  1206 | D:3      | Found a sacrificial altar of Ru.
  1269 | D:3      | Reached XP level 4. HP: 28/28 MP: 4/4
  1269 | D:3      | Found a hide-covered altar of Uskayaw.
  1310 | D:3      | 1310 ||| DROPPING +0 whip.
  1556 | D:3      | Noticed Grinder
  1562 | D:3      | Reached skill level 4 in Axes
  1565 | D:3      | 1565 ||| Stepping ~*~*~tactically~*~*~ (hiding).
  1568 | D:3      | Paralysed by Grinder for 4 turns
  1576 | D:3      | Paralysed by Grinder for 5 turns
  1577 | D:3      | HP: 5/28 [Grinder (7)]
  1578 | D:3      | HP: 1/28 [Grinder/puff of flame (2)]
  1579 | D:3      | Killed from afar by Grinder

Levels and vault maps discovered:
D:1:      lemuel_arrival_broad_hall, layout_rooms,
          shapermc_ecumenical_altar_mp_vishouse, kennysheep_boxes
D:2:      layout_basic, basic_altar
D:3:      minmay_door_path, layout_loops_cross, nicolae_ru_the_path_less_chosen,
          nicolae_uskayaw_dance_hall, uniq_grinder

Skill      XL: |  1  2  3  4 |
---------------+-------------+-----
Axes           | 2 3 4 |  4.0
Fighting       | |  3.2
Armour         | |  3.2
Shields        | |  3.2

Action                   |  1- 3 |  4- 6 || total
-------------------------+-------+-------++-------
Melee: War axe           |    85 |    17 ||   102
Throw: Boomerang         |    25 |     3 ||    28
  Use: Scroll            |     8 |       ||     8
       Potion            |     1 |       ||     1
Armor: Scale mail        |    59 |     8 ||    67
Dodge: Dodged            |    40 |     3 ||    43
Block: Buckler           |    21 |     1 ||    22

Table legend:
 A = Non-vault XP
 B = Vault XP
 C = Vault XP percentage of total XP
 D = Non-vault monster count
 E = Vault monster count
 F = Vault count percentage of total count
                 A         B        C        D         E       F
            +---------+---------+-------+---------+---------+-------
      Total |     106 |       0 |   0.0 |      37 |       0 |   0.0
            +---------+---------+-------+---------+---------+-------
        D:1 |      14 |       0 |   0.0 |      10 |       0 |   0.0
        D:2 |      59 |       0 |   0.0 |      21 |       0 |   0.0
        D:3 |      33 |       0 |   0.0 |       6 |       0 |   0.0
            +---------+---------+-------+---------+---------+-------
